 Dungeon Crawl Stone Soup version 0.19-a0-1223-gf83d13a (webtiles) character file.

8253 truemonolith the Cleaver (level 11, -2/97 HPs)
             Began as a Deep Dwarf Fighter on Aug 24, 2016.
             Was a Priest of Makhleb.
             Slain by a deep troll earth mage (8 damage)
             ... on level 10 of the Dungeon.
             The game lasted 00:28:25 (8697 turns).

truemonolith the Cleaver (Deep Dwarf Fighter)       Turns: 8697, Time: 00:28:25

Health: -2/97      AC: 21    Str: 22    XL:     11   Next: 7%
Magic:  10/10      EV:  7    Int:  9    God:    Makhleb [***...]
Gold:   305        SH:  0    Dex: 13    Spells: 0 memorised, 10 levels left

rFire  + . .     SeeInvis +     L - +1 battleaxe
rCold  . . .     Gourm    .     G - +0 plate armour (curse)
rNeg   . . .     Faith    .     (shield currently unavailable)
rPois  +         Spirit   .     d - +2 hat {SInv}
rElec  .         Dismiss  .     P - +0 cloak
rCorr  .         Reflect  .     t - +0 pair of gloves
MR     +....     Harm     .     (no boots)
Stlth  ..........               (no amulet)
                                j - ring of protection from fire
                                g - ring of poison resistance

@: non-regenerating
A: damage resistance, recharge devices, yellow scales 1, sense surroundings 2,
slow regeneration 3
a: Device Recharging, Minor Destruction, Lesser Servant of Makhleb, Renounce
Religion


You were on level 10 of the Dungeon.
You worshipped Makhleb.
Makhleb was most pleased with you.
You were not hungry.

You visited 2 branches of the dungeon, and saw 11 of its levels.
You also visited: Ossuary.

You collected 729 gold pieces.
You spent 424 gold pieces at shops.

Inventory:

Hand Weapons
 a - a +1 war axe
 L - a +1 battleaxe (weapon)
Armour
 d - a +2 hat of see invisible (worn)
 t - a +0 pair of gloves (worn)
 G - a cursed +0 plate armour (worn)
 P - a +0 cloak (worn)
Rods
 F - a +0 rod of shadows (11/11)
   (You found it on level 7 of the Dungeon)
Jewellery
 g - a ring of poison resistance (left hand)
 j - a ring of protection from fire (right hand)
 x - an uncursed ring of wizardry
 A - a cursed ring of loudness
Wands
 b - a wand of polymorph (8/24)
 e - a wand of heal wounds (1/9)
 m - a wand of slowing (19/48)
 r - a wand of flame (24/48)
 s - a wand of heal wounds (2/9)
Scrolls
 k - 4 scrolls of identify
 o - 2 scrolls of fog
 v - 3 scrolls of enchant armour
 y - 3 scrolls of magic mapping
 z - 3 scrolls of enchant weapon
 D - a scroll of fear
 I - a scroll of remove curse
 M - 3 scrolls of amnesia
 N - a scroll of blinking
Potions
 l - 3 potions of mutation
 n - 3 potions of curing
 p - a potion of brilliance
 q - a potion of flight {unknown}
 C - a potion of ambrosia
 E - 3 potions of lignification
Books
 c - a book of Beasts

   Spells                             Type                      Level
   a - Summon Butterflies             Summoning                    1
   b - Call Canine Familiar           Summoning                    3
   c - Summon Ice Beast               Ice/Summoning                4
   d - Summon Mana Viper              Hexes/Summoning              5
   e - Summon Hydra                   Summoning                    7
 h - a book of Transfigurations

   Spells                             Type                      Level
   a - Irradiate                      Conjuration/Transmutation    5
   b - Statue Form                    Transmutation/Earth          6
   c - Hydra Form                     Transmutation                6
   d - Dragon Form                    Transmutation                7
 i - a Grand Grimoire

   Spells                             Type                      Level
   a - Monstrous Menagerie            Summoning                    7
   b - Summon Greater Demon           Summoning                    7
   c - Malign Gateway                 Summoning/Translocation      7
   d - Summon Horrible Things         Summoning                    8
 w - a book of Minor Magic

   Spells                             Type                      Level
   a - Magic Dart                     Conjuration                  1
   b - Blink                          Translocation                2
   c - Call Imp                       Summoning                    2
   d - Repel Missiles                 Charms/Air                   2
   e - Slow                           Hexes                        2
   f - Conjure Flame                  Conjuration/Fire             3
   g - Mephitic Cloud                 Conjuration/Poison/Air       3
 H - a book of the Warp

   Spells                             Type                      Level
   a - Gell's Gravitas                Hexes/Translocation          3
   b - Force Lance                    Conjuration/Translocation    4
   c - Summon Forest                  Summoning/Translocation      5
   d - Dispersal                      Translocation                6
   e - Controlled Blink               Translocation                8
   f - Disjunction                    Translocation                8
 K - a book of Clouds

   Spells                             Type                      Level
   a - Mephitic Cloud                 Conjuration/Poison/Air       3
   b - Conjure Flame                  Conjuration/Fire             3
   c - Poisonous Cloud                Conjuration/Poison/Air       6
   d - Freezing Cloud                 Conjuration/Ice/Air          6
   e - Ring of Flames                 Charms/Fire                  7
Comestibles
 f - 6 bread rations
 u - 8 meat rations
 B - a beef jerky
 O - a royal jelly


   Skills:
 + Level 5.8 Fighting
 - Level 14.2 Axes
 - Level 10.4 Armour
   Level 3.2 Shields


You had 10 spell levels left.
You didn't know any spells.

Dungeon Overview and Level Annotations

Branches:
Dungeon (10/15)            Temple (1/1) D:5            Lair (0/6) D:10
    Orc: D:9-12

Altars:
Fedhas
Gozag
Hepliaklqana
Makhleb
Vehumet
Xom
Zin

Shops:
D:5 }   D:6 ![*}


Innate Abilities, Weirdness & Mutations

You are resistant to damage.
You can recharge devices by infusing magical energy.
You passively map the area around you.
You do not regenerate.
You are partially covered in yellow scales. (AC +2)


Message History

The deep troll earth mage is almost dead.
The deep troll earth mage bites you but does no damage.
The deep troll earth mage claws you but does no damage. x2
You closely miss the deep troll earth mage.
The deep troll earth mage is almost dead.
The deep troll earth mage bites you!
* * * LOW HITPOINT WARNING * * *
The deep troll earth mage barely misses you.
The deep troll earth mage claws you but does no damage.
You hit the deep troll earth mage.
The deep troll earth mage is almost dead.
The deep troll earth mage bites you but does no damage.
The deep troll earth mage claws you!
* * * LOW HITPOINT WARNING * * *
The deep troll earth mage claws you but does no damage.
Your plate armour prevents you from hitting the deep troll earth mage.
The deep troll earth mage is almost dead.
The deep troll earth mage closely misses you. x2
The deep troll earth mage claws you!
You die...

...........#####+#########.#
#..........#.......# ,, #.######
#......#####.......#, #.(.....
#......#........8..+ , ,#.......
#......#...........# ,,#.......
#......#...........# *#.......
#......#.....###'#########.......
#......#.....##T..##.............
#......'.....#..@..#.............
#......#.....#...(.#.............
#...))<#.....#.....#.............
...(..#########/$$##.#####+#.....
.....)'......#######.#.....#.....
......#.......#......#.....#.....
......#.......#......#.....#.....
......#.......#......#.....#.....
......#.......#......#.....######


You could see a deep troll earth mage.

Vanquished Creatures
  Gastronok (D:9)
  2 hill giants (D:9)
  Joseph (D:7)
  A gargoyle (D:7)
  A merfolk (D:9)
  A two-headed ogre (D:8)
  The ghost of Ijustatesigmund the Conjurer, an amateur OpWz (D:4)
  Sigmund (D:4)
  2 sky beasts
  3 ice beasts
  An orc warrior (D:9)
  2 necrophages
  A phantom (D:8)
  3 ogres
  3 centaurs
  A crocodile (D:9)
  2 big kobolds
  6 giant frogs
  3 scorpions
  8 killer bees (D:10)
  A vampire bat (D:5)
  5 wights (D:8)
  4 howler monkeys
  3 crimson imps
  A centaur zombie (D:5)
  A wasp zombie (D:9)
  4 giant frog zombies
  4 hounds
  2 orc priests (D:6)
  A centaur skeleton (D:8)
  2 gnoll shamans
  4 orc wizards
  4 giant frog skeletons
  4 iguanas
  Natasha (thrice) (D:2)
  5 worker ants
  A hound zombie (D:6)
  2 hound skeletons (D:3)
  8 mummies (Ossuary)
  2 worker ant zombies
  Robin (D:2)
  A howler monkey skeleton (D:5)
  7 gnolls
  14 adders
  2 shadow imps
  2 adder zombies
  3 worms
  An adder skeleton (D:5)
  5 dart slugs
  3 giant geckos
  28 orcs
  15 bats
  2 giant cockroaches
  A gnoll zombie (Ossuary)
  11 goblins
  5 hobgoblins
  14 jackals
  8 quokkas
  A giant gecko skeleton (D:7)
  8 giant newts
  2 hobgoblin zombies (Ossuary)
  16 kobolds
  4 kobold zombies (Ossuary)
  An orc zombie (Ossuary)
  4 rats
264 creatures vanquished.

Vanquished Creatures (collateral kills)
  An orc (D:6)
1 creature vanquished.

Vanquished Creatures (others)
  A bush (D:5)
1 creature vanquished.

Grand Total: 266 creatures vanquished

Notes
Turn   | Place    | Note
-------+----------+-------------------------------------------
     0 | D:1      | truemonolith the Deep Dwarf Fighter began the quest for the Orb.
     0 | D:1      | Reached XP level 1. HP: 20/20 MP: 1/1
   393 | D:1      | Reached skill level 3 in Axes
   393 | D:1      | Reached XP level 2. HP: 27/27 MP: 2/2
   750 | D:1      | Found a shimmering altar of Xom.
   993 | D:2      | Reached XP level 3. HP: 23/33 MP: 3/3
   995 | D:2      | Reached skill level 4 in Axes
  1123 | D:2      | You fall through a shaft for 2 floors!
  1343 | D:2      | Noticed Robin
  1365 | D:2      | Killed Robin
  1369 | D:2      | Reached XP level 4. HP: 36/40 MP: 4/4
  1457 | D:2      | Reached skill level 5 in Axes
  1469 | D:2      | Noticed Natasha
  1474 | D:2      | Killed Natasha
  1639 | D:2      | Noticed Natasha
  1650 | D:2      | Killed Natasha
  1650 | D:2      | Reached XP level 5. HP: 26/46 MP: 5/5
  1664 | D:2      | Noticed Natasha
  1678 | D:2      | Killed Natasha
  1678 | D:2      | Reached skill level 6 in Axes
  2252 | D:4      | Noticed Ijustatesigmund's ghost (amateur OpWz)
  2314 | D:4      | Reached skill level 7 in Axes
  2314 | D:4      | Reached XP level 6. HP: 55/55 MP: 6/6
  2321 | D:4      | Noticed Sigmund
  2329 | D:4      | Killed Sigmund
  2354 | D:4      | Reached skill level 8 in Axes
  2462 | D:4      | Reached XP level 7. HP: 49/61 MP: 7/7
  2688 | D:4      | Killed Ijustatesigmund's ghost
  2688 | D:4      | Reached skill level 9 in Axes
  2762 | D:5      | Entered Level 5 of the Dungeon
  2944 | D:5      | Found Vaap's Gadget Shop.
  3069 | D:5      | Reached skill level 10 in Axes
  3127 | D:5      | Reached XP level 8. HP: 65/68 MP: 8/8
  3178 | D:5      | Found a blossoming altar of Fedhas.
  3244 | D:5      | Found a staircase to the Ecumenical Temple.
  3279 | Temple   | Entered the Ecumenical Temple
  3284 | Temple   | Became a worshipper of Makhleb the Destroyer
  3294 | D:5      | Found a sand-covered staircase.
  3356 | Ossuary  | Entered an ossuary
  3782 | D:5      | Reached * piety under Makhleb
  3966 | D:5      | Gained mutation: You are partially covered in yellow scales. (AC +2) [potion of beneficial mutation]
  4099 | D:6      | Found Muevive Ilixt's Assorted Antiques.
  4103 | D:6      | Bought a scorched scale mail for 270 gold pieces
  4113 | D:6      | Identified the cursed +1 scale mail of Hide-and-Seek {Int+4} (You bought it in a shop on level 6 of the Dungeon)
  4273 | D:6      | Found Ciots's Distillery.
  4284 | D:6      | Bought a potion of curing for 42 gold pieces
  4284 | D:6      | Bought a potion of heal wounds for 70 gold pieces
  4284 | D:6      | Bought a potion of curing for 42 gold pieces
  4442 | D:6      | Found Rudivobe's Gadget Shoppe.
  4547 | D:6      | Found Hejih's Antique Armour Shoppe.
  4562 | D:6      | Reached skill level 5 in Armour
  5016 | D:7      | Noticed Joseph
  5039 | D:7      | Killed Joseph
  5039 | D:7      | Gained mutation: You passively map the area around you. [Deep Dwarf growth]
  5039 | D:7      | Reached XP level 9. HP: 69/78 MP: 9/9
  6084 | D:7      | Noticed a gargoyle
  6112 | D:7      | Killed a gargoyle
  6582 | D:8      | Reached skill level 10 in Armour
  6633 | D:8      | Reached ** piety under Makhleb
  6664 | D:8      | Reached skill level 11 in Axes
  6776 | D:8      | Reached XP level 10. HP: 76/87 MP: 10/10
  7136 | D:9      | Noticed Gastronok
  7158 | D:9      | Killed Gastronok
  7158 | D:9      | Reached skill level 13 in Axes
  7648 | D:9      | Noticed a hill giant
  7663 | D:9      | Killed a hill giant
  7718 | D:9      | Reached skill level 14 in Axes
  7926 | D:10     | Entered Level 10 of the Dungeon
  8007 | D:10     | Noticed a hill giant
  8063 | D:9      | Killed a hill giant
  8063 | D:9      | Reached *** piety under Makhleb
  8063 | D:9      | Reached skill level 5 in Fighting
  8286 | D:10     | Found a staircase to the Lair.
  8300 | D:10     | Reached XP level 11. HP: 64/96 MP: 10/10
  8680 | D:10     | Noticed a deep troll earth mage
  8697 | D:10     | Slain by a deep troll earth mage

Vault maps used:
D:1:      minmay_arrival_nine_rooms, xom_teletrap_fun
D:2:      uniq_natasha, uniq_robin
D:4:      first_bread, minmay_cupped, uniq_sigmund
D:5:      nicolae_ossuary_entry_false_entrances, serial_shops, shop_fountains,
          grunt_ministairs_14, serial_bayou_pond_b, roderic_serpentine_path,
          minivault_1, roderic_batcave, kb_lookout_dungeons_type, fedhas_altar_4
D:6:      serial_shops, shop, shop, shop, nicolae_shop_overgrown_old_shop,
          hangedman_abyss_or_decor_stagger
D:7:      uniq_joseph
D:8:      serial_undead, serial_undead_b, serial_undead_e, serial_undead_c,
          serial_undead_c
D:9:      hangedman_fish_farm, uniq_gastronok
D:10:     lair_0_dummy, minmay_three_doors, uniq_grum
Temple:   nicolae_temple_the_god_donut
Ossuary:  ossuary_tomb_3

Skill      XL: |  1  2  3  4  5  6  7  8  9 10 |
---------------+-------------------------------+-----
Axes           | 3 4 5 7 8 10 11 14 | 14.2
Fighting       | 4 5 |  5.8
Armour         | 7 10 | 10.4
Shields        | |  3.2

Action                   |  1- 3 |  4- 6 |  7- 9 | 10-12 || total
-------------------------+-------+-------+-------+-------++-------
Melee: War axe           |   116 |   145 |   542 |       ||   803
       Battleaxe         |       |       |    48 |   248 ||   296
 Abil: Device Recharging |       |       |       |     1 ||     1
Evoke: Wand              |     1 |     1 |     5 |     6 ||    13
  Use: Scroll            |     1 |     9 |    10 |     1 ||    21
       Potion            |       |     2 |    13 |     4 ||    19
 Stab: Invisible         |       |       |       |     4 ||     4
  Eat: Bread ration      |     1 |     1 |     1 |     1 ||     4
       Fruit             |       |     2 |     6 |       ||     8
       Pizza             |       |       |     1 |     1 ||     2
Armor: Scale mail        |    55 |    31 |     6 |       ||    92
       Plate armour      |       |    47 |   337 |   221 ||   605
Dodge: Dodged            |    39 |    24 |    86 |   104 ||   253
Block: Shield            |    65 |    73 |   259 |       ||   397
